Map: Polka LE

Players

qqq - Winner!

  • Race: Zerg Zerg
  • League: Platinum
  • Spawn Location: 5:00

Massa - Winner!

  • Race: Terran Terran
  • League: Platinum
  • Spawn Location: 5:00

BoBo

  • Race: Zerg Zerg
  • League: Diamond
  • Spawn Location: 11:00

Gafaran

  • Race: Protoss Protoss
  • League: Platinum
  • Spawn Location: 11:00

VOD

Have the link to the VOD?

Description

Time

  • Played on: Dec. 3, 2020, 5:14 p.m.
  • Length: 17:24
Show
View Real Time Build Order
Export as new Build Order

qqq Zerg - Winner!

Build Orders: Hatch First 

Get SALT Encoding   

  12  0:00  Drone  
  13  0:11  Drone  
  14  0:31  Overlord  
  14  0:54  Drone  
  14  0:55  Drone  
  16  0:58  Hatchery  
  15  1:04  Drone  
  15  1:08  Drone  
  17  1:23  Spawning Pool  
  17  1:24  Drone  
  17  1:25  Extractor  
  16  1:50  Drone x2  
  16  1:51  Drone  
  19  2:02  Drone  
  20  2:10  Queen  
  20  2:12  Queen  
  20  2:13  Drone  
  25  2:19  Drone  
  25  2:21  Drone  
  27  2:24  Overlord  
  27  2:31  Metabolic Boost  
  27  2:34  Drone  
  28  2:43  Zergling x2  
  29  2:44  Zergling x2  
  29  2:45  Overlord  
  30  2:53  Zergling x2  
  30  2:57  Zergling x2  
  32  3:07  Zergling x2  
  32  3:12  Zergling x2  
  34  3:15  Zergling x2  
  35  3:21  Hatchery, Baneling Nest  
  35  3:26  Zergling x4  
  35  3:27  Overlord  
  35  3:29  Zergling x2  
  35  3:33  Drone  
  37  3:35  Drone  
  37  3:38  Drone  
  39  3:47  Zergling x4  
  39  3:48  Drone  
  42  3:49  Drone  
  43  3:56  Zergling x4  
  43  3:57  Zergling x2  
  43  4:00  Drone  
  47  4:11  Baneling x2  
  47  4:19  Zergling x4  
  47  4:20  Zergling x6  
  44  4:34  Zergling x4  
  44  4:35  Zergling x6  
  44  4:36  Zergling x8  
  52  4:49  Zergling x6  
  52  4:59  Lair  
  49  5:03  Drone x2, Queen  
  52  5:07  Baneling x2  
  52  5:08  Baneling x2  
  50  5:14  Drone  
  50  5:15  Zergling x2  
  50  5:17  Extractor  
  50  5:21  Baneling x2  
  50  5:22  Drone x4  
  50  5:25  Extractor  
  53  5:31  Drone  
  53  5:32  Drone x2  
  56  5:45  Drone x2  
  56  5:46  Overlord x2  
  56  5:47  Overlord  
  58  6:06  Drone x3  
  58  6:07  Drone x6  
  67  6:15  Drone, Spire  
  67  6:16  Overlord  
  67  6:18  Drone  
  68  6:20  Extractor  
  67  6:33  Drone x3  
  67  6:37  Spore Crawler  
  67  6:39  Spore Crawler  
  68  6:40  Drone x2  
  68  6:42  Overlord  
  68  6:43  Overlord  
  68  6:46  Hatchery, Baneling x2  
  69  6:55  Overlord  
  69  6:58  Overlord  
  69  7:02  Drone x2, Infestation Pit  
  69  7:07  Pneumatized Carapace  
  70  7:10  Overseer  
  70  7:30  Mutalisk x4  
  78  7:41  Mutalisk  
  78  7:42  Drone x2  
  78  7:43  Drone  
  83  7:46  Drone x3  
  86  7:52  Extractor  
  86  7:54  Extractor  
  74  8:14  Mutalisk x3  
  74  8:16  Zergling x4  
  74  8:17  Zergling x14  
  74  8:18  Drone x5  
  89  8:33  Drone x2  
  91  8:35  Extractor  
  91  8:36  Hive  
  91  8:37  Zerg Flyer Weapons Level 1  
  90  8:43  Spore Crawler  
  90  8:45  Drone  
  90  8:46  Drone x2, Mutalisk x2  
  90  8:47  Spore Crawler  
  95  8:50  Corruptor, Overlord x2  
  97  9:06  Drone  
  97  9:07  Drone x3  
  101  9:12  Extractor  
  101  9:13  Drone x2, Corruptor x2  
  101  9:14  Mutalisk  
  101  9:16  Mutalisk  
  110  9:17  Zergling x4  
  112  9:26  Hatchery  
  109  9:33  Hatchery  
  106  9:43  Corruptor x2  
  106  9:44  Mutalisk x3  
  116  9:52  Mutalisk  
  118  9:53  Drone  
  118  9:54  Drone x5  
  124  10:09  Queen  
  117  10:33  Viper x3  
  117  10:34  Mutalisk x2  
  117  10:35  Mutalisk  
  128  10:36  Zergling x6  
  128  10:37  Drone x3  
  128  10:41  Spore Crawler  
  133  10:44  Drone, Queen  
  136  10:59  Drone x2  
  136  11:00  Drone x4  
  142  11:11  Drone x3  
  145  11:20  Mutalisk x2  
  145  11:21  Corruptor x2  
  155  11:26  Greater Spire  
  155  11:28  Zergling x2, Overlord x2  
  155  11:29  Overlord x2  
  141  12:36  Hatchery  
  138  12:51  Queen  
  138  12:52  Drone x3  
  142  12:58  Mutalisk x2  
  142  12:59  Zergling x4  
  142  13:00  Zergling x8  
  142  13:05  Drone, Mutalisk  
  153  13:06  Mutalisk  
  153  13:08  Zerg Flyer Armor Level 1  
  153  13:11  Brood Lord x2  
  153  13:12  Hatchery  
  160  13:20  Hatchery  
  152  13:44  Spine Crawler  
  152  13:46  Spine Crawler  
  152  13:48  Mutalisk x4  
  158  13:58  Swarm Host  
  158  14:01  Drone, Spine Crawler  
  158  14:02  Drone x3, Hatchery  
  163  14:03  Spine Crawler  
  163  14:09  Mutalisk, Corruptor x2  
  165  14:10  Viper  
  165  14:11  Mutalisk x3  
  165  14:14  Brood Lord  
  165  14:15  Brood Lord  
  165  14:17  Overlord x2  
  180  14:24  Baneling  
  180  14:25  Baneling x10  
  180  14:32  Drone  
  180  14:33  Drone x6  
  187  14:42  Extractor  
  187  14:43  Mutalisk x2, Corruptor  
  187  14:44  Extractor, Corruptor x4  
  199  14:51  Centrifical Hooks  
  199  14:56  Evolution Chamber  
  199  14:57  Evolution Chamber  
  194  15:02  Zerg Flyer Weapons Level 2  
  192  15:08  Drone x3  
  192  15:11  Spine Crawler  
  186  15:40  Mutalisk x5, Zergling x8  
  198  16:19  Drone x3  
  198  16:23  Drone  
  200  16:37  Spine Crawler  
  199  16:40  Spore Crawler  
  193  16:56  Brood Lord x2  
  193  16:58  Brood Lord  
Show
View Real Time Build Order
Export as new Build Order

Massa Terran - Winner!

Build Orders: 2 Factory 

Get SALT Encoding   

  12  0:00  SCV  
  13  0:12  SCV  
  14  0:18  Supply Depot  
  14  0:24  SCV  
  15  0:39  SCV  
  15  0:41  Barracks  
  16  0:52  SCV  
  17  1:00  Refinery  
  17  1:03  Refinery  
  17  1:04  SCV  
  18  1:16  SCV  
  19  1:36  Marine  
  20  1:44  Command Center  
  20  1:54  Factory  
  20  2:07  Orbital Command  
  20  2:14  Reaper  
  21  2:34  SCV, Supply Depot  
  22  2:45  Engineering Bay  
  22  2:46  SCV  
  23  2:55  Hellion, Supply Depot  
  25  3:08  SCV  
  26  3:15  Orbital Command  
  26  3:17  Hellion  
  28  3:20  SCV  
  28  3:21  Barracks Tech Lab  
  29  3:28  Factory  
  29  3:32  SCV  
  30  3:37  Starport  
  30  3:38  Hellion  
  32  3:42  SCV  
  32  3:44  SCV  
  34  3:54  SCV  
  34  4:00  Widow Mine  
  36  4:05  SCV  
  36  4:06  SCV  
  38  4:17  SCV  
  38  4:18  SCV  
  38  4:21  Widow Mine  
  34  4:34  SCV  
  34  4:35  SCV  
  36  4:39  Command Center  
  36  4:42  Hellion  
  38  4:46  SCV, Barracks  
  38  4:47  SCV  
  40  4:57  Refinery  
  40  4:58  SCV  
  40  4:59  SCV, Marauder  
  44  5:01  Factory Tech Lab, Stimpack  
  44  5:04  Hellion, Viking  
  48  5:11  SCV x2  
  50  5:18  Missile Turret  
  50  5:20  Marauder  
  52  5:22  Missile Turret  
  52  5:23  SCV x2  
  54  5:30  Supply Depot  
  54  5:32  Supply Depot  
  54  5:33  Supply Depot  
  54  5:36  Barracks  
  54  5:42  Barracks x2  
  54  5:50  Viking, Siege Tank  
  54  5:51  Barracks Reactor, Hellion, Marauder  
  63  6:03  SCV x2  
  65  6:12  Marauder  
  65  6:15  Widow Mine, SCV x2  
  71  6:20  Terran Infantry Weapons Level 1  
  71  6:23  Armory  
  71  6:30  Engineering Bay  
  71  6:33  Starport Reactor, Missile Turret  
  71  6:34  Barracks Tech Lab  
  71  6:35  Barracks Reactor  
  71  6:36  Widow Mine  
  71  6:38  SCV x2  
  76  6:44  Refinery  
  76  6:46  Refinery  
  75  6:48  Refinery, Missile Turret  
  75  6:51  SCV, Planetary Fortress  
  77  6:54  SCV, Marine x3  
  80  7:03  SCV  
  79  7:56  SCV x3  
  82  8:05  Command Center  
  82  8:08  SCV x3, Combat Shield  
  82  8:09  Command Center  
  82  8:11  Smart Servos  
  75  8:42  Barracks Tech Lab  
  75  8:44  Marauder x2  
  75  8:45  Marine x4  
  75  8:48  SCV x3  
  86  8:55  Terran Infantry Weapons Level 2  
  86  8:56  Terran Infantry Armor Level 1  
  86  8:57  Terran Vehicle And Ship Armor Level 1  
  86  9:00  SCV x3, Medivac x2  
  93  9:15  Supply Depot  
  93  9:16  Supply Depot  
  93  9:17  SCV, Marauder x2, Marine x4, Supply Depot  
  93  9:18  Supply Depot x3  
  93  9:19  Factory Tech Lab  
  93  9:22  Supply Depot  
  93  9:23  SCV x2  
  104  9:29  SCV  
  104  9:30  Viking x2  
  109  9:32  SCV  
  109  9:35  SCV x2  
  112  9:39  Marauder x2  
  112  9:40  Missile Turret  
  112  9:41  SCV  
  112  9:42  Missile Turret, Supply Depot  
  112  9:43  Supply Depot  
  112  9:44  SCV  
  118  9:47  SCV  
  118  9:48  SCV, Missile Turret  
  118  9:49  Missile Turret  
  118  9:51  Thor x2  
  132  9:53  SCV  
  132  9:54  Marauder, Marine x2  
  132  9:56  SCV, Concussive Shells  
  138  10:00  Marauder x2, Medivac x2  
  146  10:08  Missile Turret  
  146  10:14  Planetary Fortress  
  146  10:27  SCV x2  
  146  10:28  SCV x2  
  150  10:30  Missile Turret  
  150  10:33  Thor  
  156  10:39  SCV x2  
  158  10:46  Ghost Academy  
  158  10:52  SCV x3, Missile Turret  
  158  10:55  Refinery  
  162  10:58  Refinery  
  161  11:11  Widow Mine  
  163  11:13  Marauder  
  163  11:14  Marauder x2, Missile Turret  
  163  11:15  Marine x4  
  163  11:17  Widow Mine  
  175  11:24  Barracks  
  175  11:25  Barracks  
  175  11:28  Barracks, Personal Cloaking  
  175  11:30  Starport  
  175  11:31  Terran Infantry Armor Level 2, Terran Infantry Weapons Level 3  
  175  11:32  Widow Mine, Marine  
  177  11:35  Marauder x3, Missile Turret  
  184  11:42  Thor  
  184  11:44  Marine  
  184  11:45  Marine x2  
  193  11:50  Marine  
  164  11:56  Marauder x2  
  164  11:57  Marauder  
  125  12:18  Marauder x3  
  125  12:22  Marine x2  
  133  12:23  Marine x2  
  133  12:26  Barracks Tech Lab x3  
  135  12:35  Thor x2  
  147  12:39  Marauder x3, Marine  
  147  12:40  Marine  
  155  12:49  SCV x3  
  155  12:50  SCV  
  160  12:52  Planetary Fortress  
  160  12:53  Missile Turret  
  160  12:54  Enhanced Shockwaves, Missile Turret  
  160  12:55  Missile Turret  
  159  13:00  Marauder x2  
  159  13:01  SCV x3, Marauder  
  159  13:02  SCV, Viking x2  
  159  13:04  Marauder x3, Marine  
  159  13:05  Marine x3  
  183  13:10  Command Center  
  183  13:13  SCV x2  
  183  13:18  Thor  
  191  13:22  Marauder x2  
  191  13:24  Sensor Tower  
  195  13:33  Supply Depot x3  
  195  13:34  Terran Vehicle And Ship Armor Level 2  
  195  13:35  Supply Depot x2  
  195  13:42  Marine  
  195  13:43  Marauder, Medivac  
  195  13:55  Marauder x2  
  199  13:57  Supply Depot  
  199  14:00  Supply Depot  
  199  14:02  Supply Depot  
  199  14:04  Supply Depot  
  199  14:13  Nuke  
  199  14:22  Marauder  
  199  14:25  Marauder  
  199  14:26  Marauder  
  199  14:31  Medivac  
  200  14:34  Siege Tank  
  200  14:38  Missile Turret  
  198  14:44  Missile Turret  
  198  14:45  Planetary Fortress  
  198  14:46  Marauder  
  198  14:49  Missile Turret  
  200  14:59  Missile Turret  
  197  15:03  Missile Turret  
  167  15:17  Marauder  
  167  15:18  Marauder x4, Ghost  
  167  15:19  Marine x2, Missile Turret  
  121  15:29  Thor x2  
  118  15:38  Ghost x4  
  118  15:39  Ghost  
  118  15:41  Medivac x2  
  118  15:42  Command Center, Missile Turret  
  124  15:45  Marine x4  
  124  15:46  Ghost  
  130  16:00  Missile Turret  
  130  16:01  Missile Turret  
  130  16:02  Missile Turret x2  
  130  16:03  Marine x4  
  134  16:06  Ghost  
  134  16:07  Marauder  
  134  16:08  Marauder x3  
  134  16:11  Viking x2  
  146  16:12  Thor x2  
  146  16:16  Marauder  
  161  16:20  Marine  
  161  16:21  SCV, Marine x2  
  161  16:22  Missile Turret  
  161  16:23  Missile Turret  
  163  16:29  Marauder x4  
  170  16:33  SCV  
  170  16:36  Marauder  
  170  16:37  Marauder  
  175  16:45  SCV  
  176  16:50  Marauder  
  178  16:54  Marauder x2  
  178  16:55  Marauder, Marine x2  
  178  16:57  Marauder  
Show
View Real Time Build Order
Export as new Build Order

BoBo Zerg 

Build Orders: Hatch First 

Get SALT Encoding   

  12  0:00  Drone  
  13  0:08  Drone  
  14  0:18  Overlord  
  14  0:36  Drone  
  14  0:37  Drone x2  
  17  0:57  Hatchery  
  17  1:00  Drone  
  17  1:01  Drone  
  18  1:05  Extractor  
  17  1:12  Drone  
  18  1:25  Drone  
  19  1:29  Spawning Pool  
  19  1:31  Drone  
  19  1:48  Drone, Extractor  
  19  2:00  Drone  
  20  2:05  Drone  
  21  2:11  Drone  
  21  2:15  Overlord  
  22  2:17  Queen x2  
  22  2:19  Metabolic Boost  
  26  2:24  Drone  
  26  2:25  Drone  
  28  2:33  Drone  
  28  2:36  Drone  
  30  2:44  Drone  
  30  2:46  Drone  
  32  2:57  Drone  
  32  2:58  Drone  
  34  3:03  Hatchery  
  33  3:07  Baneling Nest  
  33  3:08  Drone  
  33  3:16  Lair  
  33  3:18  Drone  
  34  3:24  Drone x2  
  36  3:28  Overlord  
  36  3:33  Overlord  
  36  3:39  Spore Crawler  
  35  3:45  Drone  
  36  3:49  Zergling x8  
  36  3:50  Zergling x2  
  41  3:56  Zergling x2  
  41  3:58  Spore Crawler  
  41  3:59  Zergling x2  
  41  4:00  Zergling x2  
  41  4:01  Zergling x2  
  44  4:04  Zergling x2  
  44  4:06  Zergling x2  
  44  4:09  Zergling x2  
  47  4:16  Drone  
  37  4:33  Drone x3  
  37  4:34  Drone x5  
  45  4:40  Queen  
  47  4:54  Baneling  
  47  4:55  Baneling x2  
  47  4:56  Drone x4  
  51  5:04  Drone x3  
  55  5:21  Drone x4  
  55  5:22  Spire  
  55  5:25  Extractor  
  55  5:27  Overlord  
  55  5:28  Extractor  
  55  5:31  Overlord  
  55  5:43  Baneling x5  
  53  6:03  Extractor, Drone  
  53  6:04  Drone x2  
  55  6:05  Extractor  
  54  6:14  Drone x3  
  57  6:22  Overlord  
  57  6:27  Drone x2  
  59  6:33  Mutalisk x2  
  59  6:35  Mutalisk x5  
  59  6:38  Overlord x3  
  73  6:47  Mutalisk x2  
  73  6:48  Mutalisk  
  79  6:54  Zerg Flyer Weapons Level 1  
  79  6:55  Drone  
  79  6:58  Drone  
  81  7:06  Spore Crawler  
  81  7:07  Drone x2  
  82  7:14  Mutalisk x2  
  86  7:18  Drone x2  
  88  7:23  Drone x2  
  81  7:45  Overseer  
  81  7:47  Drone x2  
  81  7:48  Drone x6  
  81  7:50  Drone x2  
  91  7:52  Drone x2  
  91  7:58  Drone x2  
  77  8:20  Drone x3  
  77  8:24  Drone x5  
  77  8:25  Drone x5  
  81  8:41  Drone x4, Queen  
  83  8:42  Drone  
  88  9:01  Drone x4  
  92  9:03  Mutalisk x2  
  92  9:08  Spine Crawler  
  95  9:10  Drone  
  96  9:22  Hatchery  
  96  9:24  Overlord x4  
  93  9:38  Mutalisk x2  
  95  9:42  Mutalisk x2  
  95  9:43  Mutalisk x2, Spore Crawler  
  104  9:50  Mutalisk x3  
  104  9:51  Mutalisk  
  112  9:56  Mutalisk x2  
  116  10:04  Mutalisk x2  
  120  10:08  Overlord x2  
  112  10:37  Queen  
  112  10:38  Spore Crawler  
  112  10:39  Queen  
  112  10:41  Drone x2, Spine Crawler, Spore Crawler  
  112  10:42  Drone  
  116  10:45  Drone x2  
  116  10:47  Mutalisk  
  116  10:48  Mutalisk x3  
  126  10:58  Drone x3  
  129  11:05  Zerg Flyer Armor Level 1  
  129  11:09  Corruptor  
  129  11:10  Corruptor x2  
  135  11:17  Overlord x3  
  135  11:28  Overlord x2  
  135  11:29  Overlord  
  135  11:45  Mutalisk  
  135  11:46  Mutalisk x6  
  135  11:47  Mutalisk  
  147  11:53  Mutalisk x2  
  147  11:54  Mutalisk  
  97  11:56  Mutalisk  
  97  11:57  Zergling x2  
  97  11:58  Zergling x2  
  98  12:08  Mutalisk  
  98  12:09  Mutalisk x4  
  108  12:21  Extractor  
  107  12:23  Extractor  
  107  12:24  Corruptor x3  
  112  12:38  Zergling x4  
  112  12:39  Zergling x14  
  121  12:48  Mutalisk x3  
  121  12:49  Mutalisk  
  129  12:52  Zergling x6  
  131  13:01  Corruptor  
  131  13:05  Corruptor  
  133  13:07  Zergling x4  
  133  13:11  Mutalisk  
  133  13:12  Corruptor  
  132  13:31  Mutalisk x3, Zergling x2  
  132  13:32  Corruptor  
  137  13:44  Mutalisk x2  
  136  13:59  Mutalisk x3  
  136  14:01  Zergling x16  
  145  14:04  Zergling x2  
  145  14:05  Zergling x28  
  149  14:38  Zergling x16  
  148  14:39  Zergling x22  
  148  14:44  Corruptor x2  
  170  14:51  Drone  
  104  15:31  Mutalisk x3, Corruptor x2  
  104  15:32  Mutalisk x5  
  104  15:33  Mutalisk x2  
  106  15:40  Spore Crawler  
  99  15:56  Drone x3  
  99  15:57  Drone x5  
  104  16:01  Mutalisk  
  105  16:10  Mutalisk x2  
  109  16:12  Overlord  
  108  16:23  Drone x4  
  108  16:24  Drone x2  
  113  16:31  Mutalisk x2  
  116  16:40  Spore Crawler  
Show
View Real Time Build Order
Export as new Build Order

Gafaran Protoss 

Build Orders: 1 Gate Expand, Colossus Rush 

Get SALT Encoding   

  12  0:02  Probe (Chrono Boost)  
  13  0:11  Probe (Chrono Boost)  
  14  0:16  Probe (Chrono Boost)  
  15  0:23  Pylon  
  15  0:41  Probe  
  16  0:45  Gateway  
  16  0:53  Probe  
  17  1:05  Probe  
  18  1:15  Nexus  
  18  1:17  Probe  
  19  1:27  Assimilator  
  19  1:29  Probe  
  20  1:33  Cybernetics Core  
  20  1:41  Probe, Assimilator  
  21  1:53  Probe  
  22  2:00  Gateway  
  22  2:04  Warp Gate (Chrono Boost)  
  22  2:05  Probe  
  22  2:07  Gateway  
  23  2:16  Pylon  
  23  2:27  Probe  
  24  2:32  Pylon  
  24  2:33  Probe  
  25  2:39  Adept  
  27  2:45  Probe  
  28  2:53  Probe  
  28  2:58  Probe  
  30  2:59  Adept  
  30  3:05  Probe, Robotics Facility  
  33  3:10  Probe  
  34  3:26  Probe (Chrono Boost)  
  36  3:30  Probe (Chrono Boost)  
  36  3:35  Probe (Chrono Boost)  
  36  3:38  Probe (Chrono Boost)  
  36  3:39  Adept x2  
  36  3:40  Adept  
  44  3:45  Probe  
  45  3:49  Probe, Assimilator  
  45  3:53  Assimilator  
  46  3:55  Robotics Bay  
  46  3:57  Probe (Chrono Boost)  
  48  4:07  Probe (Chrono Boost)  
  48  4:08  Probe (Chrono Boost)  
  48  4:09  Observer  
  50  4:13  Probe (Chrono Boost)  
  50  4:23  Probe  
  41  4:31  Immortal  
  38  4:38  Adept x3  
  35  4:56  Extended Thermal Lance  
  33  5:00  Probe (Chrono Boost)  
  34  5:09  Probe (Chrono Boost)  
  37  5:14  Probe (Chrono Boost)  
  37  5:16  Probe  
  39  5:23  Colossus  
  39  5:26  Probe  
  44  5:29  Probe  
  44  5:33  Robotics Facility  
  45  5:38  Probe (Chrono Boost)  
  47  5:46  Probe (Chrono Boost)  
  48  5:50  Probe (Chrono Boost)  
  48  5:54  Probe x2 (Chrono Boost)  
  50  5:59  Stalker x2  
  54  6:27  Pylon  
  54  6:29  Pylon  
  54  6:34  Pylon  
  54  6:38  Forge  
  54  6:43  Pylon  
  54  6:44  Colossus  
  54  6:45  Probe (Chrono Boost), Immortal  
  65  6:57  Probe (Chrono Boost)  
  66  7:04  Stalker x2  
  66  7:05  Probe (Chrono Boost)  
  66  7:07  Protoss Shields Level 1 (Chrono Boost)  
  71  7:11  Probe  
  71  7:14  Probe  
  73  7:23  Probe  
  73  7:26  Probe, Pylon  
  75  7:35  Probe  
  76  8:25  Stalker x3  
  82  8:29  Colossus (Chrono Boost)  
  88  8:51  Photon Cannon  
  88  8:53  Immortal (Chrono Boost)  
  88  9:02  Gateway x2, Nexus  
  92  9:04  Gateway  
  92  9:05  Gateway  
  92  9:10  Twilight Council, Pylon  
  92  9:28  Immortal x2  
  100  9:40  Photon Cannon  
  100  9:43  Shield Battery  
  100  9:48  Photon Cannon  
  100  9:53  Probe  
  101  10:05  Probe  
  101  10:06  Pylon  
  102  10:07  Pylon  
  102  10:09  Pylon  
  102  10:11  Pylon  
  102  10:16  Templar Archives  
  102  10:17  Probe  
  102  10:18  Immortal x2  
  111  10:29  Probe  
  112  10:36  Protoss Ground Weapons Level 1  
  112  10:41  Photon Cannon  
  113  10:44  Probe (Chrono Boost), Photon Cannon  
  113  10:45  Probe (Chrono Boost)  
  113  10:46  Assimilator  
  114  10:51  Assimilator  
  114  10:53  Probe (Chrono Boost)  
  114  10:54  High Templar x2  
  114  10:55  High Templar x2  
  114  10:56  Probe (Chrono Boost)  
  124  10:57  High Templar  
  124  10:58  Probe (Chrono Boost), High Templar  
  124  11:01  Archon x2  
  129  11:05  Probe, Psionic Storm  
  130  11:17  Probe  
  131  11:24  Pylon  
  74  12:20  High Templar x3  
  74  12:21  High Templar x4  
  68  12:26  Immortal x2 (Chrono Boost)  
  76  12:32  Shield Battery  
  76  12:33  Shield Battery  
  76  12:35  Protoss Shields Level 2  
  76  12:53  Stalker x2  
  76  12:54  Stalker x5  
  76  12:57  Immortal x2 (Chrono Boost)  
  98  13:11  Stalker x3  
  98  13:12  Stalker  
  106  13:34  Immortal x2  
  106  13:44  Nexus  
  106  13:56  Pylon  
  106  14:00  Stalker x2  
  106  14:01  Stalker x3  
  106  14:02  Stalker  
  118  14:13  Immortal x2  
  126  14:28  Stalker x4  
  126  14:29  Stalker x2  
  126  14:30  Stalker  
  141  14:53  Observer x2  
  102  15:43  Stalker x4  
  102  15:44  Stalker x3  
  68  16:13  Colossus x2  
  80  16:20  Stalker x5  
  80  16:21  Stalker x2  
  94  16:27  Probe  
  95  16:35  Assimilator  
  95  16:37  Assimilator  
  95  16:39  Probe  
  96  16:51  Probe  
  109  17:09  High Templar x2  
  109  17:10  High Templar x5  
Tags
 
Add a new tag
Caveats
  • Supply blocks, unpowered buildings, or Contaminate may cause inaccurate times.
  • Supply counts are checked every 10 seconds.